 Dungeon Crawl Stone Soup version 0.29.1-15-g9cfb28693d (webtiles) character file.

Game seed: 13823159848784920630

3246 Gaplan the Bludgeoner (level 9, -2/71 HPs)
             Began as a Minotaur Berserker on Apr 14, 2023.
             Was an Elder of Trog.
             Slain by Maggie
             ... wielding a +0 broad axe of distortion
              (25 damage)
             ... on level 8 of the Dungeon.
             The game lasted 00:21:08 (7263 turns).

Gaplan the Bludgeoner (Minotaur Berserker)          Turns: 7263, Time: 00:21:09

Health: -2/71      AC:  8    Str: 26    XL:     9   Next: 67%
Magic:  8/8        EV: 15    Int:  4    God:    Trog [****..]
Gold:   500        SH:  0    Dex: 10    Spells: 8/8 levels left

rFire   . . .      SeeInvis .   A - +4 morningstar
rCold   . . .      Faith    .   (no shield)
rNeg    . . .      Spirit   .   u - +0 ring mail
rPois   .          Reflect  .   (helmet restricted)
rElec   .          Harm     .   i - +1 cloak
rCorr   .          Rampage  .   (no gloves)
Will    .....                   v - +0 pair of boots
Stlth   ..........              (no amulet)
HPRegen 0.21/turn               g - +4 ring of evasion
MPRegen 0.11/turn               (no ring)

@: about to teleport, mesmerised
A: horns 2, retaliatory headbutt
a: Renounce Religion, Berserk, Trog's Hand, Brothers in Arms


You were on level 8 of the Dungeon.
You worshipped Trog.
Trog was greatly pleased with you.
You visited 1 branch of the dungeon, and saw 8 of its levels.

You collected 500 gold pieces.

Inventory:

Hand Weapons
 a - a +0 mace of draining
 m - a +3 flail of draining
 p - the +5 mace "Orb Guardian's Peril" {spect, rF++ Int+2}
   (You found it on level 2 of the Dungeon)

   When its wielder attacks, the weapon's spirit leaps out and strikes again.
   The spirit shares a part of any damage it takes with its wielder.
   Int:       It affects your intelligence (+2).
   rF:        It greatly protects you from fire.
 A - a +4 morningstar (weapon)
Armour
 b - a +0 animal skin
 i - a +1 cloak (worn)
 u - a +0 ring mail (worn)
 v - a +0 pair of boots (worn)
Jewellery
 g - a +4 ring of evasion (left hand)
 k - a ring of protection from fire
Wands
 n - a wand of paralysis (8)
 r - a wand of iceblast (7)
 B - a wand of digging (7)
Scrolls
 e - 2 scrolls of teleportation
 f - 10 scrolls of identify
 j - a scroll of enchant armour
 q - 2 scrolls of magic mapping
 y - a scroll of fear
Potions
 c - 2 potions of brilliance {unknown}
 d - 3 potions of flight
 h - 2 potions of cancellation {unknown}
 l - 2 potions of magic {unknown}
 o - 7 potions of curing
 s - a potion of berserk rage {unknown}
 t - 2 potions of lignification {unknown}
 w - 2 potions of ambrosia {unknown}
 x - a potion of degeneration {unknown}
 z - a potion of mutation {unknown}


   Skills:
 - Level 3.6 Fighting
 + Level 16.2 Maces & Flails
 - Level 2.4 Armour
 - Level 2.2 Dodging


You had 8 spell levels left.
You didn't know any spells.
Your spell library was empty.

Dungeon Overview and Level Annotations

Branches:
Dungeon (8/15)             Temple (0/1) D:4
   Lair: D:8-11

Altars:
Ashenzari
Gozag
Vehumet
Xom
Yredelemnul
Zin

Shops:
D:8 *

Annotations:
D:8 Maggie


Innate Abilities, Weirdness & Mutations

You have a pair of horns on your head.
You reflexively headbutt those who attack you in melee.


Message History

You cannot move away from Maggie!
You cannot move away from Maggie!
You cannot move away from Maggie!
You are too mesmerised to rage.
The orc priest calls down the wrath of Beogh upon you.
Beogh smites you!
You are too mesmerised to rage.
You barely miss the orc priest. The orc priest barely misses you.
You furiously retaliate!
You headbutt the orc priest! You barely miss the orc priest.
You headbutt the orc priest.
You kill the orc priest!
Trog accepts your kill.
You cannot move away from Maggie!
Maggie gestures at you while chanting. The bolt of fire hits you!
As you read the scroll of teleportation, it crumbles to dust.
You feel strangely unstable.
Maggie casts a spell.
Maggie draws you further into her thrall.
Maggie gestures wildly while chanting.
Maggie draws you further into her thrall.
The orc priest barely misses you.
Things that are here:
a +0 short sword; a +0 leather armour; an orc corpse You bludgeon the orc priest!!
You kill the orc priest!
Trog accepts your kill.
Maggie gives herself a magical halo, but it quickly sputters out.
Maggie gestures wildly while chanting.
Maggie draws you further into her thrall.
You hit the orc priest.
The orc priest is heavily wounded.
The orc priest misses you.
You impale Maggie!!
Maggie is moderately wounded.
You closely miss Maggie.
Maggie is moderately wounded.
Maggie hits you with a +0 broad axe of distortion!
Space warps horribly around you!!
You die...

#.'.....#...#.#####..###..#
#.#...#...###.# ##......#
#.#.....### #.######....>.#
#.#...### ###...........#
#.....#########...........#
#.........................#
#....##########...........#
............@.............#
#.##.......@o.............#
#..#########...........#
.#########...........#
............#'#######
.........#.#.#
.#......##@#.#
............#
....##.o.####.#
......o.......#


You could see Maggie (mesmerising) and an orc priest.

Vanquished Creatures
  A queen bee (D:8)
  Prince Ribbit (D:6)
  Grinder (D:5)
  Sigmund (D:4)
  A steam dragon (D:6)
  Edmund (D:6)
  Duvessa (D:7)
  3 sky beasts
  An orc warrior (D:8)
  An ogre (D:5)
  A phantom (D:4)
  Blork the orc (D:6)
  A bullfrog (D:6)
  Dowan (D:7)
  3 wights (D:7)
  8 killer bees (D:8)
  A howler monkey (D:4)
  6 jellies
  5 orc priests
  2 hounds (D:6)
  Crazy Yiuf (D:6)
  5 orc wizards
  7 iguanas
  6 adders
  A shadow imp (D:5)
  2 white imps
  An ufetubus (D:6)
  A worm (D:2)
  2 dart slugs
  19 orcs
  2 bats
  5 endoplasms
  4 giant cockroaches
  7 hobgoblins
  8 kobolds
  2 quokkas
  15 ball pythons
  A ball python zombie (D:3)
  4 frilled lizards
  2 goblins (D:2)
  2 quokka zombies (D:3)
  8 rats
146 creatures vanquished.

Vanquished Creatures (others)
  23 plants
23 creatures vanquished.

Grand Total: 169 creatures vanquished

Notes
Turn   | Place    | Note
-------+----------+-------------------------------------------
     0 | D:1      | Gaplan the Minotaur Berserker began the quest for the Orb.
     0 | D:1      | Reached XP level 1. HP: 19/19 MP: 0/0
    44 | D:1      | Found a faded altar of an unknown god.
   107 | D:1      | Reached skill level 4 in Maces & Flails
   320 | D:1      | Reached XP level 2. HP: 23/27 MP: 1/1
   703 | D:2      | Reached skill level 5 in Maces & Flails
   735 | D:2      | Reached XP level 3. HP: 30/33 MP: 2/2
   857 | D:2      | Identified the +5 mace "Orb Guardian's Peril" {spect, rF++
                  | Int+2}
  1054 | D:2      | Reached ** piety under Trog
  1482 | D:3      | Found a basalt altar of Yredelemnul.
  1490 | D:3      | Found the +4 dagger "Morg" {pain, Will+ Int+5}
  1571 | D:3      | Reached XP level 4. HP: 40/40 MP: 3/3
  1597 | D:3      | Found a radiant altar of Vehumet.
  1654 | D:3      | Reached skill level 6 in Maces & Flails
  2035 | D:3      | Found an opulent altar of Gozag.
  2036 | D:3      | Found a broken altar of Ashenzari.
  2037 | D:3      | Found a shimmering altar of Xom.
  2356 | D:4      | Noticed a phantom
  2366 | D:4      | Killed a phantom
  2367 | D:4      | Reached skill level 7 in Maces & Flails
  2367 | D:4      | Reached XP level 5. HP: 21/46 MP: 4/4
  2653 | D:4      | Reached skill level 8 in Maces & Flails
  2659 | D:4      | Reached XP level 6. HP: 50/52 MP: 5/5
  2697 | D:4      | Noticed a sky beast
  2705 | D:4      | Killed a sky beast
  2874 | D:4      | Reached *** piety under Trog
  2912 | D:4      | Noticed Sigmund
  2916 | D:4      | Killed Sigmund
  2917 | D:4      | Reached skill level 9 in Maces & Flails
  2917 | D:4      | Reached XP level 7. HP: 58/58 MP: 6/6
  3026 | D:4      | Found a staircase to the Ecumenical Temple.
  3242 | D:5      | Entered Level 5 of the Dungeon
  3249 | D:5      | Reached skill level 10 in Maces & Flails
  3933 | D:5      | Reached skill level 11 in Maces & Flails
  4113 | D:6      | Noticed Edmund
  4115 | D:6      | Killed Edmund
  4116 | D:6      | Reached XP level 8. HP: 66/66 MP: 7/7
  4122 | D:6      | Noticed Grinder
  4137 | D:5      | Killed Grinder
  4138 | D:5      | Reached skill level 12 in Maces & Flails
  4263 | D:6      | Reached skill level 13 in Maces & Flails
  4322 | D:6      | Noticed Blork the orc
  4329 | D:6      | Killed Blork the orc
  4498 | D:6      | Noticed Prince Ribbit
  4504 | D:6      | Killed Prince Ribbit
  4505 | D:6      | Reached skill level 14 in Maces & Flails
  4763 | D:6      | Reached XP level 9. HP: 71/71 MP: 8/8
  4842 | D:6      | Found a runed translucent door.
  4843 | D:6      | Noticed Crazy Yiuf
  5241 | D:6      | Killed Crazy Yiuf
  6076 | D:7      | Noticed Dowan
  6077 | D:7      | Noticed Duvessa
  6086 | D:7      | Killed Duvessa
  6088 | D:7      | Killed Dowan
  6088 | D:7      | Reached **** piety under Trog
  6201 | D:7      | Reached skill level 15 in Maces & Flails
  6959 | D:8      | Noticed a queen bee
  6971 | D:8      | Killed a queen bee
  6972 | D:8      | Reached skill level 16 in Maces & Flails
  7177 | D:8      | Found Zin's Purification Station.
  7183 | D:8      | Found a glowing silver altar of Zin.
  7238 | D:8      | Noticed Maggie
  7263 | D:8      | Slain by Maggie

Illustrated notes

Levels and vault maps discovered:
D:1:      amcnicky_arrival_wind_blow, layout_basic, basic_ecumenical_altar,
          corexii_hall_statues_l, minmay_misc_feat_secret_circle
D:2:      layout_basic
D:3:      layout_basic, nicolae_yredelemnul_corpse_copse, minitemple,
          nicolae_vehumet_radiance, kennysheep_another_room
D:4:      layout_loops_cross, minmay_temple_entry_glassed_door,
          kennysheep_cross_room, serial_bayou_pond_c, uniq_sigmund
D:5:      layout_loops_ring
D:6:      layout_basic, uniq_blork_the_orc, uniq_grinder, uniq_prince_ribbit1,
          uniq_crazy_yiuf_cottage, uniq_edmund
D:7:      layout_loops_ring, uniq_duvessa
D:8:      layout_basic, zin_purify, lemuel_blue_sif_altar,
          nicolae_looking_at_the_future, uniq_maggie

Skill      XL: |  1  2  3  4  5  6  7  8  9 |
---------------+----------------------------+-----
Maces & Flails | 4 5 7 8 9 11 14 16 | 16.2
Fighting       | |  3.6
Armour         | |  2.4
Dodging        | |  2.2

Action                   |  1- 3 |  4- 6 |  7- 9 || total
-------------------------+-------+-------+-------++-------
Melee: Mace              |    64 |    43 |   113 ||   220
       Headbutt          |     7 |     9 |    24 ||    40
       Punch             |       |     1 |       ||     1
       Morningstar       |       |       |    48 ||    48
Invok: Berserk           |       |     1 |     1 ||     2
  Use: Scroll            |       |     6 |     4 ||    10
       Potion            |       |       |     1 ||     1
 Stab: Distracted        |       |       |     1 ||     1
Armor: Animal skin       |    10 |     4 |       ||    14
       Ring mail         |       |       |    40 ||    40
Dodge: Dodged            |    50 |    28 |   114 ||   192
